 Dungeon Crawl Stone Soup version 0.29-a0-322-g68df515428 (webtiles) character file.

Game seed: 7312735933392054359

170 Bnni the Insei (level 5, -6/35 HPs)
             Began as an Octopode Transmuter on Apr 5, 2022.
             Mangled by Menkaure (23 damage)
             ... on level 3 of the Dungeon.
             The game lasted 00:04:49 (2175 turns).

Bnni the Insei (Octopode Transmuter)                Turns: 2175, Time: 00:04:50

Health: -6/35      AC:  1    Str: 10    XL:     5   Next: 51%
Magic:  7/8        EV: 13    Int: 21    God:
Gold:   130        SH:  0    Dex: 14    Spells: 2/8 levels left

rFire   . . .      SeeInvis .     - Unarmed
rCold   . . .      Faith    .   (no shield)
rNeg    . . .      Spirit   .   f - +0 hat
rPois   .          Reflect  .   j - amulet of regeneration
rElec   .          Harm     .   i - +6 ring of intelligence
rCorr   .          Rampage  .   (no ring)
Will    .....                   (no ring)
Stlth   ++........              (no ring)
HPRegen 0.91/turn               (no ring)
MPRegen 0.11/turn               (no ring)
                                (no ring)
                                (no ring)

@: wereblooded
A: almost no armour, amphibious, 8 rings, camouflage 1, gelatinous body 1,
(nimble swimmer 1), tentacles
a: no special abilities


You were on level 3 of the Dungeon.
You visited 1 branch of the dungeon, and saw 4 of its levels.

You collected 130 gold pieces.

Inventory:

Missiles
 a - 6 poisoned darts
Armour
 f - a +0 hat (worn)
Jewellery
 i - a +6 ring of intelligence (left tentacle)
 j - an amulet of regeneration (around mantle)
Scrolls
 d - 4 scrolls of teleportation
 e - 2 scrolls of amnesia
 g - a scroll of holy word {unknown}
 h - 2 scrolls of summoning
Potions
 c - a potion of curing


   Skills:
 + Level 2.6 Fighting
 - Level 2.0 Dodging
 * Level 4.7 Unarmed Combat
 - Level 2.0 Spellcasting
 + Level 3.2 Transmutations


You had 2 spell levels left.
You knew the following spells:

 Your Spells              Type           Power      Damage    Failure   Level
a - Beastly Appendage     Tmut           30%        N/A       4%          1
b - Wereblood             Tmut           15%        N/A       6%          2
c - Spider Form           Tmut/Pois      8%         N/A       22%         3

Your spell library contained the following spells:

 Spells                   Type           Power      Damage    Failure   Level
 Passwall                 Tmut/Erth      6%         N/A       12%         2
 Magic Dart               Conj           8%         1d3       14%         1
 Call Imp                 Summ           2%         N/A       22%         2
 Ensorcelled Hibernation  Hex/Ice        4%         N/A       22%         2
 Ignite Poison            Fire/Tmut/Pois 6%         N/A       28%         3
 Conjure Flame            Conj/Fire      2%         6-21      41%         3
 Gell's Gravitas          Tloc           2%         N/A       41%         3
 Lesser Beckoning         Tloc           2%         N/A       41%         3
 Mephitic Cloud           Conj/Pois/Air  2%         N/A       41%         3
 Swiftness                Air            2%         N/A       41%         3
 Teleport Other           Tloc           2%         N/A       41%         3
 Ice Form                 Ice/Tmut       8%         N/A       58%         4
 Sticky Flame             Conj/Fire      2%         2d3       82%         4
 Freezing Cloud           Conj/Ice/Air   1%         6-21      99%         5


Dungeon Overview and Level Annotations

Branches:
Dungeon (4/15)
 Temple: D:4-7

Altars:

Annotations:
D:3 Menkaure


Innate Abilities, Weirdness & Mutations

You cannot wear most types of armour.
You are amphibious.
You can wear up to eight rings at the same time.
Your skin changes colour to match your surroundings (Stealth+).
Your rubbery body absorbs attacks. (AC +1, EV +1)
((You are camouflaged when in or above water. (Stealth+)))
You have tentacles for arms and can constrict up to eight enemies at once.


Message History

You hear a shout!
Menkaure hits you.
An orc wizard comes into view. It is wielding a +0 dagger.
The orc wizard shouts!
An orc comes into view. It is wielding a +0 dagger.
The orc priest looks encouraged for a moment.
There is a stone staircase leading up here.
You tentacle-slap Menkaure. You grab Menkaure. You squeeze Menkaure.
Menkaure is lightly damaged.
You howl as the wereblood boils in your veins!
You constrict Menkaure, but do no damage.
The orc priest calls down the wrath of Beogh upon you.
Pain shoots through your body!
You release your grip on Menkaure.
Menkaure calls on the powers of darkness!
Your body is wracked with pain!
The goblin convulses!
The orc convulses!
The orc wizard convulses!
The orc convulses!
The orc priest convulses!
The orc priest calls down the wrath of Beogh upon you.
Pain shoots through your body! The orc hits you with a +0 short sword.
* * * LOW HITPOINT WARNING * * *
You climb upwards.
There is a stone staircase leading down here.
You tentacle-slap the orc. You grab the orc. You squeeze the orc.
You feel a bit better.
You kill the orc!
Menkaure calls on the powers of darkness!
Your body is wracked with pain!
* * * LOW HITPOINT WARNING * * *
You feel much better.
You howl as the wereblood boils in your veins!
Menkaure calls on the powers of darkness!
Your body is wracked with pain!
You barely miss Menkaure. You grab Menkaure.
Menkaure is lightly damaged.
You constrict Menkaure, but do no damage.
You completely miss Menkaure.
Menkaure is lightly damaged.
You constrict Menkaure. Menkaure hits you!!
Ouch! That really hurt!
You die...

............###########
............#⌠###8###8###
............##..........#
............##[....)....#
............##...###'#..##
............#8...#...)...#
............##...#.......#
............##.).#.......#
............##..@#.......#
...[........#8.M.###'#####
............##.......#
.................#####
.................#
.................#
.................#####
.....................#
.....................#


You could see Menkaure.

Vanquished Creatures
  A kobold brigand (D:3)
  An orc wizard (D:3)
  2 adders (D:3)
  2 dart slugs
  4 orcs (D:3)
  5 ball pythons
  3 endoplasms
  9 goblins
  5 hobgoblins
  4 quokkas
  2 bats
  A frilled lizard (D:2)
  12 kobolds
  4 rats
55 creatures vanquished.

Notes
Turn   | Place    | Note
-------+----------+-------------------------------------------
     0 | D:1      | Bnni the Octopode Transmuter began the quest for the Orb.
     0 | D:1      | Reached XP level 1. HP: 13/13 MP: 3/3
   185 | D:1      | Reached XP level 2. HP: 10/18 MP: 5/5
   205 | D:1      | Learned a level 2 spell: Wereblood
   995 | D:1      | Found a faded altar of an unknown god.
  1415 | D:2      | Reached XP level 3. HP: 22/23 MP: 6/6
  1477 | D:2      | Learned a level 3 spell: Spider Form
  1735 | D:3      | Reached skill level 4 in Unarmed Combat
  1735 | D:3      | Reached XP level 4. HP: 9/29 MP: 7/7
  1789 | D:3      | Noticed a kobold brigand
  1797 | D:3      | HP: 1/43 [kobold/+0 club (3)]
  1801 | D:3      | Killed a kobold brigand
  1802 | D:3      | Reached XP level 5. HP: 7/35 MP: 2/8
  1991 | D:3      | Identified the +0 robe of Trumpets {-Tele Regen+ rCorr
                  | Dex+4}
  2129 | D:4      | Noticed Menkaure
  2175 | D:3      | Mangled by Menkaure

Illustrated notes

Levels and vault maps discovered:
D:1:      wander_arrival_estate, layout_basic, basic_ecumenical_altar
D:2:      layout_rooms
D:3:      cheibrodos_thug_alley, layout_basic, chequers_hall_statues_corner_a
D:4:      layout_cave_pools, mainiacjoe_overflow_alcove_2, minitemple,
          minmay_temple_entry_junction, uniq_menkaure

Skill      XL: |  1  2  3  4 |
---------------+-------------+-----
Fighting       | 2 |  2.6
Unarmed Combat | 4 |  4.7
Transmutations | 3 |  3.2
Dodging        | |  2.0
Spellcasting   | |  2.0

Action                   |  1- 3 |  4- 6 || total
-------------------------+-------+-------++-------
Melee: Unarmed           |    55 |    52 ||   107
       Tentacles         |    14 |    11 ||    25
       Constrict         |    15 |    16 ||    31
       Punch             |     3 |     3 ||     6
 Cast: Wereblood         |       |     3 ||     3
       Spider Form       |       |     1 ||     1
  Use: Potion            |       |     3 ||     3
       Scroll            |       |     4 ||     4
 Stab: Sleeping          |     6 |       ||     6
Armor: Skin              |     2 |    16 ||    18
Dodge: Dodged            |    28 |    18 ||    46

Table legend: (Time is in decaauts)
 A = Elapsed time spent in this place.
 B = Non-inter-level travel time spent in this place.
 C = Inter-level travel time spent in this place.
 D = Time resting spent in this place.
 E = Time spent auto-exploring this place.
 F = Levels seen in this place.
 G = Mean time per level.
                   A        B        C        D        E       F      G
               +--------+--------+--------+--------+--------+-----+--------+
         Total |   2167 |   2070 |     97 |     63 |   1644 |   4 |  541.8 |
       Dungeon |   2167 |   2070 |     97 |     63 |   1644 |   4 |  541.8 |
               +--------+--------+--------+--------+--------+-----+--------+

Top non-repeatable levels by time:
     D:1: 1113 daAuts
     D:3: 610 daAuts
     D:2: 426 daAuts
     D:4: 17 daAuts
